[Event "ICC tourney 2144 (45 10)"]
[Site "Internet Chess Club"]
[Date "2020.11.21"]
[Round "2"]
[White "sudhaparthi"]
[Black "StreetFood"]
[Result "1/2-1/2"]
[ICCResult "Game drawn by mutual agreement"]
[WhiteElo "1109"]
[BlackElo "1286"]
[Opening "two knights defense: Kieseritsky variation"]
[ECO "C58"]
[NIC "KP.01"]
[Time "14:31:46"]
[TimeControl "2700+10"]

1. e4 e5 2. Nf3 Nc6 3. Bc4 Nf6 4. Ng5 d5 5. exd5 Na5 6. d3 Nxc4 7. dxc4 Bc5
8. O-O O-O 9. Nc3 Bg4 10. Qd3 h6 11. Nge4 Bd4 12. Be3 Bf5 13. Bxd4 exd4 14.
Qxd4 Nxe4 15. Nxe4 Qh4 16. f3 Rfe8 17. g3 Qe7 18. Rae1 Rad8 19. Nc5 Qxe1 20.
Rxe1 Rxe1+ 21. Kg2 Rde8 22. g4 Bxc2 23. Kh3 b6 24. Nd3 R1e3 25. Nb4 R8e4 26.
Qd2 Ba4 27. Kg3 Bd7 28. h3 f5 29. Nc2 f4+ 30. Kf2 Re2+ 31. Qxe2 Rxe2+ 32.
Kxe2 c6 33. dxc6 Bxc6 34. b4 a6 35. Nd4 Bd7 36. c5 bxc5 37. bxc5 Kf8 38. c6
Bc8 39. Kd3 Ke7 40. Kc4 Kd6 41. a4 g5 42. Kd3 Kc7 43. Ke4 Kd6
{Game drawn by mutual agreement}
1/2-1/2

[Event "ICC tourney 2144 (45 10)"]
[Site "Internet Chess Club"]
[Date "2020.11.21"]
[Round "2"]
[White "CobaltGame"]
[Black "VinaySridhar"]
[Result "1-0"]
[ICCResult "Black checkmated"]
[WhiteElo "1262"]
[BlackElo "1072"]
[Opening "Queen's gambit declined"]
[ECO "D30"]
[NIC "QP.08"]
[Time "14:31:43"]
[TimeControl "2700+10"]

1. d4 d5 2. c4 e6 3. Nf3 Nf6 4. Bf4 b6 5. Nc3 Bb7 6. e3 Nbd7 7. Nb5 Bb4+ 8.
Nc3 Ne4 9. Rc1 Rc8 10. Nd2 Nxc3 11. bxc3 Ba3 12. Rb1 O-O 13. cxd5 Bxd5 14.
e4 Bb7 15. Be2 Nf6 16. Bf3 c5 17. Qb3 cxd4 18. Qxa3 dxc3 19. Nb3 Nxe4 20.
O-O Qf6 21. Be3 Ra8 22. Rbc1 Rfc8 23. Bxe4 Bxe4 24. Bd4 Qg5 25. f3 Bf5 26.
f4 Qg6 27. Rxc3 Rxc3 28. Bxc3 Bh3 29. Qb2 Rc8 30. Rf3 Bg4 31. Rg3 Qf5 32. h3
Be2 33. Rxg7+ Kf8 34. Bb4+ Ke8 35. Rg8+ Kd7 36. Rxc8 Kxc8 37. Qxe2 Qb1+ 38.
Kh2 Qf5 39. Qc4+ Kd7 40. Qd4+ Qd5 41. Qxd5+ exd5 42. Kg3 Kc6 43. Kf3 Kb5 44.
Bd2 Kc4 45. Ke3 a5 46. Nc1 d4+ 47. Ke4 b5 48. Bxa5 f6 49. f5 b4 50. Bxb4
Kxb4 51. Kxd4 Ka3 52. Kd5 Kb2 53. Ke6 Kxc1 54. Kxf6 Kd2 55. Kg7 Ke2 56. Kxh7
Kf2 57. g4 Kg3 58. g5 Kxh3 59. g6 Kg4 60. g7 Kxf5 61. g8=Q Ke5 62. Qg6 Kd4
63. Qc6 Kd3 64. Qc5 Kd2 65. Qc4 Ke3 66. Qd5 Kf4 67. Qe6 Kf3 68. Qe5 Kf2 69.
Qe4 Kg3 70. Qf5 Kg2 71. Qf4 Kh3 72. Qg5 Kh2 73. Qg4 Kh1 74. Kg6 Kh2 75. Kf5
Kh1 76. Kf4 Kh2 77. Kf3 Kh1 78. Qg2# {Black checkmated} 1-0

[Event "ICC tourney 2144 (45 10)"]
[Site "Internet Chess Club"]
[Date "2020.11.21"]
[Round "3"]
[White "lscorpii"]
[Black "sudhaparthi"]
[Result "0-1"]
[ICCResult "White checkmated"]
[WhiteElo "1245"]
[BlackElo "1136"]
[Opening "Queen's pawn, Mason variation"]
[ECO "D00"]
[NIC "QP.08"]
[Time "17:02:01"]
[TimeControl "2700+10"]

1. d4 d5 2. Bf4 Nc6 3. e3 Nf6 4. c4 dxc4 5. Bxc4 Bf5 6. Nc3 Nb4 7. Qa4+ Nc6
8. Nb5 e5 9. dxe5 Ne4 10. e6 Qd2+ 11. Kf1 Qxf2# {White checkmated} 0-1

[Event "ICC tourney 2144 (45 10)"]
[Site "Internet Chess Club"]
[Date "2020.11.21"]
[Round "3"]
[White "nalan"]
[Black "oxdidi"]
[Result "0-1"]
[ICCResult "White checkmated"]
[WhiteElo "753"]
[BlackElo "1065"]
[Opening "Giuoco Pianissimo: Italian four knights variation"]
[ECO "C46"]
[NIC "KP.06"]
[Time "17:01:55"]
[TimeControl "2700+10"]

1. e4 e5 2. Nf3 Nc6 3. Nc3 Bc5 4. Bc4 Nf6 5. d3 h6 6. O-O d6 7. Be3 Bb6 8.
Nd5 Nxd5 9. Bxd5 Bg4 10. c3 O-O 11. h3 Bh5 12. Qd2 Bxf3 13. gxf3 Qd7 14. Kh1
Qxh3+ 15. Kg1 Qxf3 16. Kh2 Kh7 17. Rg1 f5 18. exf5 Qxd5 19. f6 Rxf6 20. Rg3
Bxe3 21. Qxe3 Raf8 22. Rag1 Rxf2+ 23. Kh3 Qe6+ 24. Kh4 R8f4+ 25. Kh5 Qf5+
26. Rg5 g6# {White checkmated} 0-1

[Event "ICC tourney 2144 (45 10)"]
[Site "Internet Chess Club"]
[Date "2020.11.21"]
[Round "3"]
[White "logman123"]
[Black "PirateKing"]
[Result "0-1"]
[ICCResult "White checkmated"]
[WhiteElo "421"]
[BlackElo "806"]
[Opening "King's pawn opening"]
[ECO "B07"]
[NIC "VO.17"]
[Time "17:01:55"]
[TimeControl "2700+10"]

1. e4 d6 2. Nc3 e5 3. Nf3 Nf6 4. Bc4 Nc6 5. O-O a6 6. d3 b5 7. Bb3 Be7 8.
Bg5 h6 9. Bxf6 Bxf6 10. Bd5 Bb7 11. Re1 Rb8 12. Ne2 Ne7 13. d4 Bxd5 14. exd5
Nxd5 15. dxe5 dxe5 16. Nc3 Nxc3 17. bxc3 O-O 18. Nxe5 Qxd1 19. Raxd1 Rbe8
20. Nd7 Rxe1+ 21. Rxe1 Rd8 22. Nxf6+ gxf6 23. g3 Rd2 24. Re7 c5 25. Ra7 Rxc2
26. Rxa6 Rxc3 27. Ra5 b4 28. Ra4 Kg7 29. h4 Kg6 30. f4 Rxg3+ 31. Kh2 Rg4 32.
a3 bxa3 33. Rxa3 Rxf4 34. Rc3 c4 35. Kg3 Re4 36. Kh3 f5 37. Kg3 Kh5 38. Kh3
Rxh4+ 39. Kg3 f4+ 40. Kf3 Kg5 41. Rxc4 Rh3+ 42. Kf2 Kg4 43. Re4 Rh2+ 44. Kg1
Kf3 45. Rd4 Re2 46. Rd3+ Re3 47. Rd4 h5 48. Rd2 Re1+ 49. Kh2 Re2+ 50. Rxe2
Kxe2 51. Kg2 f3+ 52. Kg1 f2+ 53. Kg2 f1=Q+ 54. Kg3 Qf3+ 55. Kh4 Qg4#
{White checkmated}
0-1

[Event "ICC tourney 2144 (45 10)"]
[Site "Internet Chess Club"]
[Date "2020.11.21"]
[Round "3"]
[White "Bgrady"]
[Black "NikiSDKChess"]
[Result "1-0"]
[ICCResult "Black checkmated"]
[WhiteElo "176"]
[BlackElo "631"]
[Opening "King's pawn game"]
[ECO "C21"]
[NIC "KP.10"]
[Time "17:02:14"]
[TimeControl "2700+10"]

1. e4 e5 2. d4 Nc6 3. d5 Nd4 4. Be3 Bc5 5. c3 Qf6 6. cxd4 exd4 7. Bc1 d3 8.
Nf3 d6 9. Bxd3 Bg4 10. Bg5 Qxb2 11. Nbd2 Bxf3 12. gxf3 h6 13. Be3 Bxe3 14.
fxe3 Qf6 15. Bb5+ c6 16. dxc6 Rb8 17. c7+ Ke7 18. cxb8=Q Qh4+ 19. Ke2 d5 20.
Qe8+ Kf6 21. e5+ Kg6 22. Qg1+ Kh7 23. Bd3+ g6 24. Qxf7# {Black checkmated}
1-0

[Event "ICC tourney 2144 (45 10)"]
[Site "Internet Chess Club"]
[Date "2020.11.21"]
[Round "3"]
[White "adokianos"]
[Black "ChessPanda000"]
[Result "1-0"]
[ICCResult "Black checkmated"]
[WhiteElo "1081"]
[BlackElo "206"]
[Opening "Queen's pawn, Mason variation"]
[ECO "D00"]
[NIC "QP.08"]
[Time "17:02:04"]
[TimeControl "2700+10"]

1. d4 d5 2. Bf4 Nc6 3. e3 Nf6 4. Nf3 Bg4 5. c4 e6 6. Nc3 Bb4 7. h3 Bh5 8.
Be2 O-O 9. g4 Bg6 10. a3 Ba5 11. b4 Bb6 12. c5 Bxc5 13. bxc5 Ne4 14. Nb5 a6
15. Nxc7 Rc8 16. Bd6 Rxc7 17. Bxc7 Qxc7 18. h4 h6 19. g5 hxg5 20. hxg5 Qa5+
21. Kf1 Qd8 22. Rg1 Bf5 23. Bd3 Bh3+ 24. Ke2 Nc3+ 25. Ke1 Nxd1 26. Rxd1 Qa5+
27. Ke2 Qxa3 28. Rg3 Bf5 29. Bxf5 exf5 30. Rh1 Qb2+ 31. Nd2 Re8 32. Rgh3
Nxd4+ 33. Kf1 Qc1+ 34. Kg2 Qxh1+ 35. Rxh1 Ra8 36. exd4 a5 37. Rb1 Ra7 38.
Rb6 a4 39. Nb1 g6 40. Na3 Kg7 41. Nb5 Ra5 42. Rxb7 Kf8 43. c6 Ra8 44. c7 Ke8
45. Nd6+ Kf8 46. Rb8+ Rxb8 47. cxb8=Q+ Ke7 48. Qc7+ Kf8 49. Qxf7#
{Black checkmated}
1-0

[Event "ICC tourney 2144 (45 10)"]
[Site "Internet Chess Club"]
[Date "2020.11.21"]
[Round "3"]
[White "L3monT"]
[Black "Cgchess"]
[Result "1-0"]
[ICCResult "Black resigns"]
[WhiteElo "911"]
[BlackElo "1304"]
[Opening "Nimzo-Indian: 4.e3"]
[ECO "E40"]
[NIC "NI.17"]
[Time "17:01:55"]
[TimeControl "2700+10"]

1. d4 Nf6 2. c4 e6 3. Nc3 Bb4 4. e3 d5 5. Ne2 Ne4 6. a3 Nxc3 7. Nxc3 Bxc3+
8. bxc3 Nc6 9. cxd5 Qxd5 10. c4 Qd8 11. d5 exd5 12. cxd5 Ne7 13. e4 Ng6 14.
Be2 Qf6 15. Rb1 O-O 16. Bb2 Qd8 17. Qd4 f6 18. O-O Kh8 19. Bh5 Ne5 20. f4
Nf7 21. e5 g6 22. Be2 c6 23. Bc4 Bf5 24. Rbd1 Qb6 25. e6 Nd6 26. Qxb6 axb6
27. Bd3 cxd5 28. Bxf5 Nxf5 29. Rfe1 Kg7 30. g4 Ne7 31. g5 Kg8 32. gxf6
{Black resigns}
1-0

[Event "ICC tourney 2144 (45 10)"]
[Site "Internet Chess Club"]
[Date "2020.11.21"]
[Round "3"]
[White "Gambold"]
[Black "CobaltGame"]
[Result "0-1"]
[ICCResult "White resigns"]
[WhiteElo "1073"]
[BlackElo "1258"]
[Opening "Scotch game"]
[ECO "C45"]
[NIC "SO.05"]
[Time "17:01:54"]
[TimeControl "2700+10"]

1. e4 e5 2. Nf3 Nc6 3. d4 exd4 4. Nxd4 Bc5 5. Be3 Qe7 6. Nc3 Nxd4 7. Bxd4
Bxd4 8. Qxd4 Nf6 9. O-O-O O-O 10. Bc4 d6 11. Rhe1 a6 12. e5 Ne8 13. Kb1 b5
14. Bb3 c5 15. exd6 Qxe1 {White resigns} 0-1

[Event "ICC tourney 2144 (45 10)"]
[Site "Internet Chess Club"]
[Date "2020.11.21"]
[Round "3"]
[White "StreetFood"]
[Black "alg142"]
[Result "0-1"]
[ICCResult "White checkmated"]
[WhiteElo "1193"]
[BlackElo "779"]
[Opening "Queen's pawn game, Darooha variation "]
[ECO "D02"]
[NIC "QP.06"]
[Time "17:01:53"]
[TimeControl "2700+10"]

1. d4 Nf6 2. Nf3 d5 3. g3 Bf5 4. Bg2 g6 5. O-O Bg7 6. b3 O-O 7. Bb2 Qd7 8.
c4 c6 9. Nc3 Bh3 10. Ne5 Qc8 11. Qc2 Bxg2 12. Kxg2 Nfd7 13. Nf3 Re8 14. Rfd1
e6 15. Rac1 Na6 16. e4 dxe4 17. Nxe4 Qc7 18. Ba3 c5 19. dxc5 Ndxc5 20. Nxc5
Nxc5 21. Bb2 Rac8 22. Bxg7 Kxg7 23. Qc3+ Kg8 24. Qf6 Qe7 25. Qxe7 Rxe7 26.
Rd4 e5 27. Rd5 e4 28. Nd4 Nd3 29. Rd1 f5 30. Ne2 Ne5 31. Rd8+ Re8 32. Rxc8
Rxc8 33. Nf4 Nf3 34. Nd5 Kf7 35. Kh3 g5 36. g4 f4 37. Kg2 Nh4+ 38. Kf1 Nf3
39. h3 b5 40. Nc3 bxc4 41. Nxe4 Ke6 42. bxc4 Rxc4 43. Nd2 Nxd2+ 44. Rxd2 f3
45. Ke1 Ke5 46. Rd7 Ra4 47. Rxh7 Rxa2 48. h4 gxh4 49. Rxh4 Kf4 50. Rh7 Kxg4
51. Rg7+ Kf5 52. Rf7+ Ke4 53. Re7+ Kd4 54. Rd7+ Kc3 55. Rf7 Ra1#
{White checkmated}
0-1

[Event "ICC tourney 2144 (45 10)"]
[Site "Internet Chess Club"]
[Date "2020.11.21"]
[Round "3"]
[White "miyzhang"]
[Black "Aashray"]
[Result "0-1"]
[ICCResult "White checkmated"]
[WhiteElo "1240"]
[BlackElo "1214"]
[Opening "Sicilian: Najdorf, Lipnitzky attack"]
[ECO "B86"]
[NIC "SI.13"]
[Time "17:01:55"]
[TimeControl "2700+10"]

1. e4 c5 2. Nf3 d6 3. d4 cxd4 4. Nxd4 Nf6 5. Nc3 a6 6. Bc4 e6 7. Bb3 Be7 8.
O-O O-O 9. Kh1 b5 10. a3 Bb7 11. Qe2 Qb6 12. Be3 Qc7 13. f3 Nbd7 14. Rad1 d5
15. Bf2 dxe4 16. fxe4 Bd6 17. Qf3 Nc5 18. Bg3 Bxg3 19. hxg3 Nfxe4 20. Nxe4
Nxe4 21. Rfe1 Nxg3+ 22. Qxg3 Qxg3 23. Re2 Rad8 24. Rd3 Qh4+ 25. Kg1 Rxd4 26.
Rh3 Rd1+ 27. Kh2 Qf4+ 28. Rg3 Qf1 29. Rge3 Qh1+ 30. Kg3 Rg1 31. Rf2 Rxg2+
32. Rxg2 Qxg2+ 33. Kf4 g5+ 34. Ke5 Qh2+ 35. Kd4 Rd8+ 36. Kc5 Qd6#
{White checkmated}
0-1

[Event "ICC tourney 2144 (45 10)"]
[Site "Internet Chess Club"]
[Date "2020.11.21"]
[Round "3"]
[White "gauravgupta"]
[Black "nb12"]
[Result "0-1"]
[ICCResult "White forfeits on time"]
[WhiteElo "1041"]
[BlackElo "1171"]
[Opening "Ruy Lopez: Berlin defense"]
[ECO "C65"]
[NIC "RL.07"]
[Time "17:04:24"]
[TimeControl "2700+10"]

1. e4 e5 2. Nf3 Nc6 3. Bb5 Nf6 4. Bxc6 dxc6 5. d3 Bc5 6. Nc3 O-O 7. Bg5 h6
8. Bh4 Qd6 9. Bg3 Bg4 10. Bxe5 Qe7 11. Bxf6 Qxf6 12. h3 Bxf3 13. Qxf3 Qe5
14. Rb1 Bb4 15. Kd2 f5 16. exf5 Rxf5 17. Qe2 Qf4+ 18. Ke1 Re5 19. g3 Rxe2+
20. Kxe2 Qe5+ 21. Kd2 Qc5 22. Rhf1 Rf8 23. f4 b6 24. Rbe1 Qa5 25. Ra1 Qd5
26. Rf2 g5 27. a3 Bxc3+ 28. bxc3 gxf4 29. gxf4 c5 30. a4 c4 31. h4 cxd3 32.
cxd3 c5 33. c4 Qd4 34. Raf1 Qb2+ 35. Ke3 Re8+ 36. Kf3 Qc3 37. Kg4 Qxd3 38.
f5 Re4+ 39. Kh5 Qxc4 40. Rg1+ Kf7 41. Kxh6 Rxh4+ 42. Kg5 Rh8 43. Rfg2 Rg8+
44. Kh5 Rxg2 45. Rxg2 Kf6 46. Rg5 Qe4 47. a5 Qxf5 48. Rxf5+ Kxf5 49. axb6
axb6 50. Kh4 Ke4 51. Kg3 Kd3 52. Kf2 Kd2 53. Kf3 c4 54. Ke4 c3 55. Kd4 c2
56. Kc4 c1=Q+ 57. Kb5 Qc5+ 58. Ka4 Qc4+ 59. Ka3 b5 60. Kb2 Qc3+ 61. Kb1 b4
62. Ka2 b3+ 63. Kb1 Qc2+ 64. Ka1 b2+ 65. Ka2 b1=Q+ {White forfeits on time}
0-1

[Event "ICC tourney 2144 (45 10)"]
[Site "Internet Chess Club"]
[Date "2020.11.21"]
[Round "3"]
[White "VinaySridhar"]
[Black "notbhargav"]
[Result "1/2-1/2"]
[ICCResult "Game drawn by repetition"]
[WhiteElo "1074"]
[BlackElo "784"]
[Opening "QGD: 6.Nf3"]
[ECO "D55"]
[NIC "QO.13"]
[Time "17:01:50"]
[TimeControl "2700+10"]

1. d4 d5 2. c4 e6 3. Nc3 Nf6 4. Bg5 Be7 5. Nf3 O-O 6. e3 Ne4 7. Bxe7 Qxe7 8.
Bd3 Nxc3 9. bxc3 Nd7 10. Qc2 Nf6 11. O-O Re8 12. Rfe1 dxc4 13. Bxc4 e5 14.
Nxe5 Be6 15. Bxe6 Qxe6 16. Rab1 b6 17. Rbd1 Nd7 18. Nxd7 Qxd7 19. e4 Qe6 20.
Qb3 Qg6 21. Qc2 Re7 22. Rd2 Rae8 23. Rde2 Rd8 24. Rd2 Rde8 25. f3 h5 26. a4
h4 27. h3 Qg3 28. Rdd1 Re6 29. Re2 Rf6 30. Rf1 Rg6 31. Kh1 Qf4 32. Rfe1 a5
33. Qd2 Qxd2 34. Rxd2 Rc6 35. Rc2 Rd8 36. Rd1 Rc4 37. Kg1 Rxa4 38. Kf2 Rc4
39. Ke3 Rc6 40. c4 a4 41. Kd3 Rc5 42. Kc3 Ra5 43. Kb4 c5+ 44. Kc3 cxd4+ 45.
Rxd4 Rxd4 46. Kxd4 a3 47. Ra2 Kf8 48. Kc3 Rc5 49. Rxa3 b5 50. Rb3 Rxc4+ 51.
Kd3 Rc5 52. g4 Rc1 53. Rxb5 Rh1 54. Rh5 Rxh3 55. Ke3 g6 56. Rh6 Kg7 57. g5
Rg3 58. Kf4 f6 59. Rxh4 Rxg5 60. Rg4 Rxg4+ 61. fxg4 Kf7 62. e5 Ke6 63. exf6
Kxf6 64. g5+ Ke6 65. Ke4 Kd6 66. Kf4 Ke6 67. Ke4 Kd6 68. Kf4 Ke6 69. Ke4 Kd6
70. Kf4 Ke6 71. Ke4 Kd6 72. Kf4 Ke6 73. Ke4 Kd6 74. Kf4 Ke6 75. Ke4 Kd6 76.
Kf4 Ke6 77. Ke4 {Game drawn by repetition} 1/2-1/2

[Event "ICC tourney 2144 (45 10)"]
[Site "Internet Chess Club"]
[Date "2020.11.21"]
[Round "4"]
[White "nb12"]
[Black "sudhaparthi"]
[Result "0-1"]
[ICCResult "White checkmated"]
[WhiteElo "1186"]
[BlackElo "1133"]
[Opening "Scotch opening"]
[ECO "C44"]
[NIC "KP.10"]
[Time "19:31:29"]
[TimeControl "2700+10"]

1. e4 e5 2. Nf3 Nc6 3. d4 d6 4. dxe5 Bg4 5. exd6 Bxd6 6. Bb5 Qd7 7. Nc3
O-O-O 8. O-O Nge7 9. Be3 Qe6 10. Qe2 a6 11. Bd3 Ne5 12. h3 Nxf3+ 13. gxf3
Bxh3 14. f4 Qg6+ 15. Kh2 Qg2# {White checkmated} 0-1

[Event "ICC tourney 2144 (45 10)"]
[Site "Internet Chess Club"]
[Date "2020.11.21"]
[Round "4"]
[White "notbhargav"]
[Black "L3monT"]
[Result "1-0"]
[ICCResult "Black resigns"]
[WhiteElo "766"]
[BlackElo "670"]
[Opening "French: Marshall variation"]
[ECO "C10"]
[NIC "FR.04"]
[Time "19:31:25"]
[TimeControl "2700+10"]

1. e4 e6 2. Nc3 d5 3. d4 c5 4. Nf3 a6 5. Be2 Nc6 6. dxc5 Bxc5 7. exd5 Nce7
8. dxe6 Qxd1+ 9. Bxd1 Bxe6 10. O-O f6 11. Re1 Kf7 12. Ne4 Rc8 13. Be3 Bxe3
14. Nd6+ Kg6 15. Nxc8 Bxc8 16. Rxe3 Nf5 17. Re8 {Black resigns} 1-0

[Event "ICC tourney 2144 (45 10)"]
[Site "Internet Chess Club"]
[Date "2020.11.21"]
[Round "4"]
[White "Cgchess"]
[Black "adokianos"]
[Result "1-0"]
[ICCResult "Black resigns"]
[WhiteElo "1311"]
[BlackElo "1042"]
[Opening "Scandinavian (center counter) defense"]
[ECO "B01"]
[NIC "SD.01"]
[Time "19:31:27"]
[TimeControl "2700+10"]

1. e4 d5 2. exd5 Qxd5 3. Nc3 Qa5 4. Nf3 Nf6 5. Be2 Bf5 6. O-O e6 7. Nd4 c6
8. d3 Bd6 9. Re1 Nbd7 10. Nxf5 Qxf5 11. Be3 Qe5 12. g3 h5 13. Bf4 Qc5 14.
Na4 Qb4 15. Bxd6 Qxd6 16. Nc3 Nf8 17. Ne4 Qe7 18. Nxf6+ Qxf6 19. Bxh5 Qh6
20. Bf3 Qxh2+ 21. Kf1 O-O-O 22. Qd2 Ng6 23. Qe3 Kb8 24. Ke2 Qh3 25. Rh1 Qf5
26. Be4 Qb5 27. Bxg6 fxg6 28. Rxh8 Rxh8 29. Qd4 Qh5+ 30. g4 Qg5 31. Qd6+ Ka8
32. Qxe6 a6 33. Rg1 Qd8 34. Qxg6 Qa5 35. Qxg7 Re8+ 36. Kf1 Qxa2 37. Qc3 Qe6
38. Qd2 Qe5 39. Qe3 Qxe3 40. fxe3 Rxe3 41. g5 Rf3+ 42. Ke2 Rf8 43. g6 Rg8
44. g7 Kb8 45. Kf3 Kc8 46. Kf4 Kd8 47. Kf5 Ke7 48. Kg6 b5 49. Kh7 Kf7 50.
Rf1+ Ke7 51. Kxg8 Kd6 52. Rf6+ Kc5 53. Rxc6+ Kxc6 54. Kf7 Kb6 55. g8=Q a5
56. Qd8+ Kc5 57. Qxa5 Kd4 58. Qxb5 Ke3 59. Ke6 Kf4 60. Qf5+ Ke3 61. Kd5 Kd2
62. d4 Kc1 63. b4 Kb2 64. Qd3 Kb1 65. c3+ Ka2 66. Qb1+ Ka3 67. Qa2+ Kxa2 68.
c4 Kb3 69. b5 Kb4 70. b6 Ka5 71. b7 Kb4 72. b8=N Ka5 73. c5 Kb5 74. c6 Kb6
75. Kd6 Ka7 76. c7 Kb6 77. Kd7 Kb5 78. c8=Q Kb4 79. Na6+ Kb3 80. d5 Kb2 81.
d6 Kb3 82. Ke6 Kb2 83. d7 Kb3 84. Nb4 Kxb4 85. Qc4+ Kxc4 86. d8=Q Kc5 87.
Qd7 Kc4 88. Qd6 Kb5 89. Kd5 Ka4 90. Qb6 Ka3 91. Kc4 Ka2 92. Kc3 Ka1 93. Kc2
{Black resigns}
1-0

[Event "ICC tourney 2144 (45 10)"]
[Site "Internet Chess Club"]
[Date "2020.11.21"]
[Round "4"]
[White "NikiSDKChess"]
[Black "AnujJ"]
[Result "0-1"]
[ICCResult "White checkmated"]
[WhiteElo "631"]
[BlackElo "143"]
[Opening "Ruy Lopez: old Steinitz defense"]
[ECO "C62"]
[NIC "RL.02"]
[Time "19:31:41"]
[TimeControl "2700+10"]

1. e4 e5 2. Nf3 Nc6 3. Bb5 d6 4. Bxc6+ bxc6 5. O-O Ba6 6. Re1 Nf6 7. d4 c5
8. Bg5 Be7 9. Bxf6 Bxf6 10. dxe5 dxe5 11. Qxd8+ Rxd8 12. Nc3 O-O 13. Nd5 Rd6
14. Nxc7 Bc4 15. b3 Be6 16. Nb5 Rd7 17. Nc3 Bg4 18. Re3 Rfd8 19. a4 h6 20.
h3 Be6 21. a5 c4 22. Ree1 cxb3 23. cxb3 Bxb3 24. a6 Be7 25. Rac1 Ba3 26.
Nxe5 Bxc1 27. Nxd7 Bd2 28. Rb1 Be6 29. Nc5 Bxc3 30. Rb7 Rd1+ 31. Kh2 Be5+
32. g3 Bd4 33. Na4 Ba2 34. Rd7 Bb3 35. Nb6 Bxb6 36. Rxd1 Bxd1 37. e5 Bxf2
38. Kg2 Bc5 39. Kf1 Bb3 40. Ke2 Bd4 41. Kd3 Bxe5 42. Ke4 Bxg3 43. Kd4 Be6
44. Kc5 Bd7 45. Kd5 Bb5 46. Kc5 Bxa6 47. Kc6 f5 48. h4 f4 49. h5 f3 50. Kd7
f2 51. Ke7 f1=Q 52. Ke8 Bb5+ 53. Ke7 a5 54. Ke6 a4 55. Kd5 a3 56. Kc5 a2 57.
Kb4 a1=Q 58. Kc5 Be2 59. Kc6 Qfd1 60. Kc5 Qac1+ 61. Kb4 Bxh5 62. Kb5 Qdc2
63. Kb4 Q1b1+ 64. Ka3 Qca2# {White checkmated} 0-1

[Event "ICC tourney 2144 (45 10)"]
[Site "Internet Chess Club"]
[Date "2020.11.21"]
[Round "4"]
[White "ChessPanda000"]
[Black "lscorpii"]
[Result "0-1"]
[ICCResult "White checkmated"]
[WhiteElo "223"]
[BlackElo "1242"]
[Opening "French: exchange variation"]
[ECO "C01"]
[NIC "FR.01"]
[Time "19:31:40"]
[TimeControl "2700+10"]

1. e4 e6 2. d4 d5 3. exd5 exd5 4. Nc3 Nc6 5. Nf3 Bg4 6. Be2 Nf6 7. Bg5 Be7
8. O-O O-O 9. h3 Bh5 10. Qd2 h6 11. Bh4 Qd7 12. Rfe1 Rfe8 13. Qf4 Bd6 14.
Ne5 Nxe5 15. dxe5 Bxe5 16. Qd2 Bxe2 17. Rxe2 Qe7 18. Nxd5 Bh2+ 19. Kxh2 Qxe2
20. Qxe2 Rxe2 21. Nxc7 Rc8 22. Nb5 Ne4 23. f3 Nd2 24. Nd4 Ree8 25. Rd1 Nc4
26. b3 Nb6 27. c4 g5 28. Bg3 Rcd8 29. Rd3 Rd7 30. Bf2 Red8 31. c5 Nc8 32. g4
Ne7 33. b4 Rd5 34. a4 R8d7 35. Kg3 Nc6 36. a5 Nxd4 37. Bxd4 Rxd4 38. Rxd4
Rxd4 39. b5 Rd5 40. c6 Rxb5 41. c7 Rc5 42. c8=Q+ Rxc8 43. Kf2 b5 44. axb6
axb6 45. Ke3 b5 46. Kd3 b4 47. Kd2 b3 48. Kd1 b2 49. Kd2 Rc4 50. Kd3 Rc6 51.
Kd2 Rc5 52. Kd3 b1=R 53. Kd4 Ra5 54. Kc3 Ra4 55. Kc2 Rbb4 56. Kc3 Rf4 57.
Kb3 f6 58. Kc3 Rxf3+ 59. Kd2 Ra2+ 60. Kc1 Rf1# {White checkmated} 0-1

[Event "ICC tourney 2144 (45 10)"]
[Site "Internet Chess Club"]
[Date "2020.11.21"]
[Round "4"]
[White "VinaySridhar"]
[Black "StreetFood"]
[Result "0-1"]
[ICCResult "White checkmated"]
[WhiteElo "1082"]
[BlackElo "1355"]
[Opening "Queen's pawn"]
[ECO "A40"]
[NIC "QO.17"]
[Time "19:31:24"]
[TimeControl "2700+10"]

1. d4 e6 2. Nf3 d5 3. c4 Bb4+ 4. Nc3 c5 5. dxc5 Nc6 6. a3 Bxc3+ 7. bxc3 Qa5
8. Bd2 Qxc5 9. e3 Nf6 10. Be2 O-O 11. O-O Ne4 12. Bd3 e5 13. Re1 Bg4 14. h3
Bxf3 15. gxf3 Ng5 16. Bf1 e4 17. f4 Nf3+ 18. Kh1 Nxe1 19. Qxe1 dxc4 20. Qe2
b5 21. Bg2 Qf5 22. Rb1 a5 23. Kh2 Ne7 24. f3 exf3 25. Bxf3 Rad8 26. Rg1 Qd3
27. Qg2 Qxd2 28. Qxd2 Rxd2+ 29. Kg3 Rd3 30. Rc1 Rxe3 31. Rc2 Nf5+ 32. Kg4 g6
33. Bc6 b4 34. axb4 axb4 35. cxb4 Nd4 36. Rxc4 Nxc6 37. Rxc6 Rb8 38. Rc4 Rb3
39. Rc7 R8xb4 40. Rc8+ Kg7 41. h4 f5+ 42. Kg5 h6# {White checkmated} 0-1

[Event "ICC tourney 2144 (45 10)"]
[Site "Internet Chess Club"]
[Date "2020.11.21"]
[Round "4"]
[White "CobaltGame"]
[Black "Aashray"]
[Result "0-1"]
[ICCResult "White checkmated"]
[WhiteElo "1236"]
[BlackElo "1183"]
[Opening "King's Indian defense, 3.Nc3"]
[ECO "E61"]
[NIC "KI.76"]
[Time "19:31:42"]
[TimeControl "2700+10"]

1. d4 Nf6 2. c4 g6 3. Nc3 Bg7 4. Nf3 d6 5. h3 O-O 6. Bf4 Nbd7 7. e3 c5 8.
Bd3 Nb6 9. O-O Nfd7 10. a4 a5 11. Re1 e5 12. dxe5 Nxe5 13. Nxe5 dxe5 14. Bg3
Be6 15. Qe2 f5 16. e4 f4 17. Bh2 Qg5 18. Kh1 f3 19. gxf3 Bxh3 20. Rg1 Qh4
21. Nd5 Nxd5 22. cxd5 Bh6 23. Rge1 Bf4 24. Qc2 Bf1 25. Kg1 Qh3 26. Bxf4 Qg2#
{White checkmated}
0-1

[Event "ICC tourney 2144 (45 10)"]
[Site "Internet Chess Club"]
[Date "2020.11.21"]
[Round "4"]
[White "alg142"]
[Black "miyzhang"]
[Result "0-1"]
[ICCResult "White checkmated"]
[WhiteElo "672"]
[BlackElo "1244"]
[Opening "QGD semi-Slav"]
[ECO "D43"]
[NIC "QO.16"]
[Time "19:31:27"]
[TimeControl "2700+10"]

1. d4 d5 2. c4 e6 3. Nc3 Nf6 4. Nf3 c6 5. Bf4 Nbd7 6. e3 Qa5 7. Be2 Ne4 8.
Qc2 Bb4 9. Rc1 Qxa2 10. O-O Nxc3 11. Ra1 Nxe2+ 12. Qxe2 Qxc4 13. Qd1 Qb5 14.
Qc2 Be7 15. Nd2 Qb6 16. Rfd1 Nf6 17. h3 O-O 18. Nf3 Ne4 19. Rd3 c5 20. Rb3
Qd8 21. Rd3 c4 22. Rdd1 Bd7 23. Ne1 Bc6 24. f3 Nf6 25. Ra2 b5 26. Rda1 a5
27. b3 h6 28. bxc4 dxc4 29. Qc1 a4 30. Rb1 Bd6 31. Nc2 Bxf4 32. exf4 Nd5 33.
Na3 Rb8 34. Kf2 Qf6 35. Rd2 Nxf4 36. Kg1 Qg5 37. Kh2 Nh5 38. Qe1 Nf4 39. g3
Nd3 40. Qd1 Qe3 41. Re2 Qxf3 42. Qd2 c3 43. Qc2 b4 44. Nc4 b3 45. Qd1 c2 46.
Rxc2 Qxd1 47. Rxd1 bxc2 48. Rxd3 c1=Q 49. g4 Qxc4 50. Rg3 Rb2+ 51. Kg1 Qc1#
{White checkmated}
0-1

[Event "ICC tourney 2144 (45 10)"]
[Site "Internet Chess Club"]
[Date "2020.11.21"]
[Round "4"]
[White "oxdidi"]
[Black "Gambold"]
[Result "1/2-1/2"]
[ICCResult "Game drawn by mutual agreement"]
[WhiteElo "1065"]
[BlackElo "1108"]
[Opening "Pirc: classical (two knights) system"]
[ECO "B07"]
[NIC "PU.10"]
[Time "19:32:17"]
[TimeControl "2700+10"]

1. e4 d6 2. d4 g6 3. Nf3 Bg7 4. Nc3 Nf6 5. Bc4 O-O 6. Bf4 Bg4 7. O-O c6 8.
h3 Bd7 9. Qd2 b5 10. Bb3 Na6 11. Bh6 Qc8 12. Kh2 c5 13. d5 c4 14. Bxc4 Qxc4
15. Rfe1 b4 16. Nd1 Nxe4 17. Qe3 Nac5 18. Bxg7 Kxg7 19. Qe2 Qxd5 20. c4 bxc3
21. bxc3 Qc6 22. Nd4 Qd5 23. Ne3 Nxc3 24. Nxd5 Nxe2 25. Rxe2 e6 26. Ne3 Rab8
27. a3 e5 28. Nf3 Bc6 29. Nc4 Bxf3 30. gxf3 Rfd8 31. Rd1 Nb7 32. Red2 f6 33.
Nxd6 Nxd6 34. Rxd6 Rxd6 35. Rxd6 Rb3 36. Rd7+ Kh6 37. Rxa7 Rxf3 38. Kg2 e4
39. a4 f5 40. a5 Ra3 41. a6 f4 42. Ra8 e3 43. Kf3 g5 44. a7 Ra2 45. fxe3 Ra3
46. Rb8 Rxa7 47. exf4 Rf7 48. Rb6+ Kh5 49. Rb4 Kg6 50. Kg4 h5+ 51. Kg3 Rxf4
52. Rxf4 gxf4+ 53. Kxf4 Kf6 54. h4 Kg6 55. Ke5 Kh6 56. Kf5 Kh7 57. Kg5 Kg7
58. Kxh5 Kh7 59. Kg5 Kg7 60. h5 Kh7 61. h6 {Game drawn by mutual agreement}
1/2-1/2